[Event "Icelandic Championship 2024"]
[Site "Mosfellsbaer"]
[Date "2024.04.27"]
[Round "11.4"]
[White "Stefansson, Hannes"]
[Black "Birkisson, Bardur Orn"]
[Result "0-1"]
[ECO "B40"]
[WhiteElo "2493"]
[BlackElo "2169"]
[Annotator "RC"]
[PlyCount "72"]
[EventDate "2024.04.16"]
[EventType "tourn"]
[EventCountry "ISL"]
[SourceTitle "playchess.com"]
[Source "ChessBase"]
[SourceQuality "1"]
[TimeControl "40/5400+30:1800+30"]

1. e4 c5 2. Nf3 e6 3. b3 b6 4. d4 cxd4 5. Nxd4 a6 6. Bb2 Bb7 7. Nd2 d6 8. Bd3 Nf6 9. Qe2 Nbd7 10. c4 Be7 11. f4 Qc7 12. N4f3 O-O 13. O-O Rac8 14. Rae1 h6 15. e5 dxe5 16. fxe5 Nh7 17. Bb1 Nc5 18. Nd4 Rcd8 19. N2f3 Rfe8 20. Qf2 Bf8 21. h4 b5 22. cxb5 axb5 23. Nxb5 Qd7 24. Nd6 Bxd6 25. exd6 Qxd6 26. Ne5 f5 27. g4 Qd5 28. Kh2 Nf6 29. gxf5 exf5 30. Bxf5 Nce4 31. Bxe4 Nxe4 32. Rxe4 Qxe4 33. Re1 Rd2 34. Qxd2 Qxh4+ 35. Kg1 Qg3+ 36. Kf1 Ba6+ 0-1

[Event "Icelandic Championship 2024"]
[Site "Mosfellsbaer"]
[Date "2024.04.27"]
[Round "11.5"]
[White "Gretarsson, Helgi Ass"]
[Black "Stefansson, Vignir Vatnar"]
[Result "1/2-1/2"]
[ECO "D27"]
[WhiteElo "2468"]
[BlackElo "2459"]
[Annotator "RC"]
[PlyCount "34"]
[EventDate "2024.04.16"]
[EventType "tourn"]
[EventCountry "ISL"]
[SourceTitle "playchess.com"]
[Source "ChessBase"]
[SourceQuality "1"]
[TimeControl "40/5400+30:1800+30"]

1. d4 d5 2. c4 dxc4 3. Nf3 Nf6 4. e3 e6 5. Bxc4 c5 6. O-O a6 7. dxc5 Bxc5 8. Qxd8+ Kxd8 9. Ne5 Ke7 10. Be2 Nbd7 11. Nd3 Bd6 12. Nd2 b5 13. Nb3 Bb7 14. Bd2 Rac8 15. Rfc1 Rxc1+ 16. Rxc1 Rc8 17. Rxc8 Bxc8 1/2-1/2

[Event "Icelandic Championship 2024"]
[Site "Mosfellsbaer"]
[Date "2024.04.27"]
[Round "11.6"]
[White "Domalchuk-Jonasson, Aleksandr"]
[Black "Kjartansson, Gudmundur"]
[Result "0-1"]
[ECO "D30"]
[WhiteElo "2368"]
[BlackElo "2480"]
[Annotator "ChessBase"]
[PlyCount "104"]
[EventDate "2024.04.16"]
[EventType "tourn"]
[EventCountry "ISL"]
[SourceTitle "playchess.com"]
[Source "ChessBase"]
[SourceQuality "1"]
[TimeControl "40/5400+30:1800+30"]

1. d4 d5 2. c4 e6 3. Nf3 c6 4. Qc2 dxc4 5. Qxc4 b5 6. Qc2 Bb7 7. g3 Nd7 8. Nc3 c5 9. dxc5 Bxc5 10. Bg2 Rc8 11. a3 Ngf6 12. O-O Qb6 13. e3 a5 14. Bd2 O-O 15. Rfd1 Bc6 16. Qd3 Qb7 17. Ne1 Bxg2 18. Nxg2 Ne5 19. Qxb5 Nf3+ 20. Kh1 Ne4 21. Be1 Qxb5 22. Nxb5 Nxe1 23. Rxe1 Nxf2+ 24. Kg1 Ne4 25. Kf1 a4 26. Rac1 Be7 27. Nd4 Bf6 28. Ke2 Rb8 29. Rc2 Rb6 30. Rec1 g6 31. Ne1 Rd8 32. Nc6 Rxc6 33. Rxc6 Rd2+ 34. Kf1 Rxh2 35. R6c2 Bxb2 36. Rxh2 Bxc1 37. Rc2 Bxa3 38. Kg2 Bd6 39. g4 a3 40. Nf3 Kg7 41. Nd4 Kf6 42. Nb5 Bc5 43. Kf3 Nd6 44. g5+ Kg7 45. Nc7 Bb6 46. Na6 Nf5 47. Nc5 a2 48. Nb3 Bxe3 49. Rxa2 Bxg5 50. Nc5 h5 51. Ra7 Be3 52. Nxe6+ Kf6 0-1